 Dungeon Crawl Stone Soup version 0.21-a0-529-g8c7b3f5 (webtiles) character file.

1304 Spazmo the Thaumaturge (level 8, -5/41 HPs)
             Began as a Deep Elf Fire Elementalist on Dec 9, 2017.
             Was an Initiate of Vehumet.
             Slain by a centaur (7 damage)
             ... on level 7 of the Dungeon.
             The game lasted 00:14:38 (5401 turns).

Spazmo the Thaumaturge (Deep Elf Fire Elementalist) Turns: 5401, Time: 00:14:38

Health: -5/41      AC:  5    Str:  5    XL:     8   Next: 31%
Magic:  19/22      EV: 13    Int: 23    God:    Vehumet [......]
Gold:   256        SH:  0    Dex: 15    Spells: 8/23 levels left

rFire    + . .     SeeInvis .   F - staff of fire
rCold    . . .     Gourm    +   (no shield)
rNeg     + . .     Faith    .   a - +0 robe
rPois    .         Spirit   .   d - +1 hat
rElec    .         Reflect  .   (no cloak)
rCorr    .         Harm     .   f - +1 pair of gloves
MR       .....                  (no boots)
Stlth    ++........             r - amulet of the gourmand
HPRegen  0.13/turn              o - ring of positive energy
MPRegen  0.18/turn              (no ring)

@: no status effects
A: no striking features
a: Renounce Religion


You were on level 7 of the Dungeon.
You worshipped Vehumet.
Vehumet was noncommittal.
You were very full.

You visited 2 branches of the dungeon, and saw 8 of its levels.

You collected 256 gold pieces.

Inventory:

Hand Weapons
 e - a +2 dagger of venom
Missiles
 g - 3 needles of confusion
 j - 239 stones (quivered)
 u - 8 poisoned needles
Armour
 a - a +0 robe (worn)
 d - a +1 hat (worn)
 f - a +1 pair of gloves (worn)
Magical Staves
 F - an uncursed staff of fire (weapon)
 G - an uncursed staff of cold
Jewellery
 o - a ring of positive energy (left hand)
 r - an amulet of the gourmand (around neck)
Wands
 i - a wand of digging (8)
 y - a wand of polymorph (15)
 B - a wand of clouds (9)
Scrolls
 s - 2 scrolls of teleportation
 z - 2 scrolls of identify
 A - 3 scrolls of remove curse
Potions
 h - a potion of agility {unknown}
 l - a potion of resistance {unknown}
 m - 2 potions of brilliance
 n - a potion of curing
 p - a potion of cancellation
 t - a potion of berserk rage {unknown}
 v - 3 potions of heal wounds
 w - a potion of magic
 x - a potion of lignification {unknown}
Books
 b - a book of Flames

   Spells                             Type                      Level
   a - Flame Tongue                   Conjuration/Fire             1
   b - Throw Flame                    Conjuration/Fire             2
   c - Conjure Flame                  Conjuration/Fire             3
   d - Inner Flame                    Hexes/Fire                   3
   e - Sticky Flame                   Conjuration/Fire             4
   f - Fireball                       Conjuration/Fire             5
 q - a book of Changes

   Spells                             Type                      Level
   a - Beastly Appendage              Transmutation                1
   b - Sticks to Snakes               Transmutation                2
   c - Spider Form                    Transmutation/Poison         3
   d - Ice Form                       Ice/Transmutation            4
   e - Blade Hands                    Transmutation                5
 H - a book of Conjurations

   Spells                             Type                      Level
   a - Magic Dart                     Conjuration                  1
   b - Searing Ray                    Conjuration                  2
   c - Dazzling Spray                 Conjuration/Hexes            3
   d - Fulminant Prism                Conjuration/Hexes            4
   e - Force Lance                    Conjuration/Translocation    4
   f - Iskenderun's Mystic Blast      Conjuration                  4
Comestibles
 c - 8 bread rations
 k - 4 royal jellies


   Skills:
 - Level 3.1 Dodging
 - Level 3.2 Stealth
 + Level 8.0 Spellcasting
 + Level 6.2 Conjurations
 + Level 7.0 Fire Magic


You had 8 spell levels left.
You knew the following spells:

 Your Spells              Type           Power        Failure   Level  Hunger
a - Flame Tongue          Conj/Fire      #####        1%          1    None
b - Throw Flame           Conj/Fire      ######       1%          2    None
c - Conjure Flame         Conj/Fire      ######..     1%          3    None
d - Sticky Flame          Conj/Fire      ######..     4%          4    ###....
e - Fireball              Conj/Fire      ######....   12%         5    #####..


Dungeon Overview and Level Annotations

Branches:
Dungeon (7/15)             Temple (1/1) D:5

Altars:
Cheibriados
Elyvilon
Gozag
Hepliaklqana
Kikubaaqudgha
Ru
Vehumet
Wu Jian
Xom
Yredelemnul
Zin
The Shining One

Shops:
D:6 !   D:7 ?


Message History

Things that are here:
an arrow; a scroll of teleportation A sky beast comes into view.
The centaur shoots an arrow.
The arrow hits you!
Found Bech's Magic Scroll Shop.
You see here an arrow.
The centaur shoots an arrow.
The arrow hits you.
The centaur shoots an arrow.
The arrow hits you.
* * * LOW HITPOINT WARNING * * *
You see here an arrow.
The centaur shoots an arrow.
The arrow closely misses you.
The centaur shoots an arrow.
The arrow hits you.
* * * LOW HITPOINT WARNING * * *
Found 9 gold pieces and 18 sling bullets.
You see here an arrow.
The centaur unwields an uncursed shortbow.
The centaur hits you!
* * * LOW HITPOINT WARNING * * *
The centaur hits you!
You die...

####### ....(..
....... .......
#..
#########.......
#...
#.......#c......
#...#
#.#.(.(@.......
#...#
#.#(.###.....$.
##...#####.(..#
.......
...........>#.#
.....##
..........#.#∩#
######
..(.......#.#..
..........#.#.##
..........#...#
..........#.#Y#


You could see a centaur.

Vanquished Creatures
  The ghost of kilk the Grasshopper, an amateur GnWr (D:4)
  A water moccasin (D:6)
  A phantom (D:5)
  A centaur (D:5)
  3 bullfrogs (D:6)
  A scorpion (D:4)
  A crimson imp (D:6)
  2 quasits
  A centaur skeleton (D:4)
  A hound (D:5)
  2 orc priests
  An iguana (D:6)
  6 orc wizards
  A worker ant (D:6)
  A hound zombie (D:3)
  A hound skeleton (D:7)
  Robin (D:1)
  A howler monkey skeleton (D:7)
  4 adders
  2 worms
  4 dart slugs
  4 leopard geckos
  14 orcs
  5 bats
  5 giant cockroaches
  11 goblins
  16 hobgoblins
  14 jackals
  3 quokkas
  2 ball pythons (D:1)
  3 frilled lizards
  A jackal skeleton (D:4)
  6 kobolds
  6 rats
127 creatures vanquished.

Notes
Turn   | Place    | Note
-------+----------+-------------------------------------------
     0 | D:1      | Spazmo the Deep Elf Fire Elementalist began the quest for the Orb.
     0 | D:1      | Reached XP level 1. HP: 10/10 MP: 6/6
   160 | D:1      | Reached XP level 2. HP: 14/15 MP: 6/8
   164 | D:1      | Learned a level 2 spell: Throw Flame
   690 | D:1      | Reached XP level 3. HP: 19/19 MP: 6/9
   702 | D:1      | Learned a level 3 spell: Conjure Flame
  1010 | D:2      | Noticed Robin
  1098 | D:1      | Killed Robin
  1479 | D:2      | Reached XP level 4. HP: 18/24 MP: 8/11
  1494 | D:2      | Learned a level 4 spell: Sticky Flame
  1685 | D:2      | Found an ornate altar of the Wu Jian Council.
  1720 | D:2      | Reached skill level 4 in Spellcasting
  1726 | D:2      | Reached XP level 5. HP: 24/28 MP: 2/13
  2217 | D:3      | Found an ancient bone altar of Kikubaaqudgha.
  2254 | D:3      | Found a snail-covered altar of Cheibriados.
  2632 | D:4      | Reached skill level 5 in Spellcasting
  2768 | D:4      | Reached XP level 6. HP: 32/32 MP: 1/15
  2799 | D:4      | Noticed kilk's ghost (amateur GnWr)
  2911 | D:4      | Killed kilk's ghost
  2911 | D:4      | Reached skill level 5 in Fire Magic
  3051 | D:4      | Reached skill level 6 in Spellcasting
  3051 | D:4      | Reached XP level 7. HP: 36/36 MP: 12/18
  3058 | D:4      | Learned a level 5 spell: Fireball
  3428 | D:5      | Entered Level 5 of the Dungeon
  3449 | D:5      | Reached skill level 5 in Conjurations
  3868 | D:5      | Found a staircase to the Ecumenical Temple.
  3877 | Temple   | Entered the Ecumenical Temple
  3983 | Temple   | Became a worshipper of Vehumet
  4265 | D:5      | Found a hazy altar of Hepliaklqana.
  4573 | D:6      | Reached skill level 7 in Spellcasting
  4694 | D:6      | Reached XP level 8. HP: 41/41 MP: 11/21
  5065 | D:6      | Found a basalt altar of Yredelemnul.
  5162 | D:6      | Found Giupyoca's Distillery.
  5388 | D:7      | Reached skill level 8 in Spellcasting
  5397 | D:7      | Found Bech's Magic Scroll Shop.
  5401 | D:7      | HP: 2/41 [centaur (9)]
  5401 | D:7      | Slain by a centaur

Vault maps used:
D:1:      wheals_arrival_shading
D:2:      lemuel_doored_altar, uniq_robin
D:3:      nicolae_overflow_crystal_walls, lemuel_crystal_altar, first_bread
D:4:      kennysheep_generic_room_14
D:5:      kennysheep_little_box, temple_hall
D:6:      yredelemnul_altar_generic, serial_shops, kennysheep_mini
D:7:      enter_ossuary_4, serial_shops, shop, trog_ov_bears_minmay
Temple:   minmay_temple_curvy_loop

Skill      XL: |  1  2  3  4  5  6  7  8 |
---------------+-------------------------+-----
Stealth        | 3 |  3.2
Dodging        | 3 |  3.1
Conjurations   | 2 3 4 5 6 |  6.2
Spellcasting   | 4 5 6 7 8 |  8.0
Fire Magic     | 4 5 6 7 |  7.0

Action                   |  1- 3 |  4- 6 |  7- 9 || total
-------------------------+-------+-------+-------++-------
Melee: Unarmed           |    13 |       |       ||    13
       Dagger            |     5 |     3 |    33 ||    41
 Cast: Flame Tongue      |    80 |   111 |    96 ||   287
       Throw Flame       |       |     5 |     3 ||     8
       Sticky Flame      |       |     1 |     5 ||     6
       Conjure Flame     |       |     1 |       ||     1
       Fireball          |       |       |     1 ||     1
  Use: Scroll            |     3 |     4 |     4 ||    11
       Potion            |     2 |     1 |     2 ||     5
  Eat: Chunk             |     2 |     6 |    10 ||    18
       Meat ration       |       |       |     1 ||     1
Armor: Robe              |     8 |     7 |    40 ||    55
Dodge: Dodged            |    47 |    15 |    77 ||   139

Table legend:
 A = Spawn XP
 B = Non-spawn XP
 C = Spawn XP percentage of total XP
 D = Spawn monster count
 E = Non-spawn monster count
 F = Spawn count percentage of total count
 G = Total turns spent on level
                    A         B        C        D         E        F      G
               +---------+---------+-------+---------+---------+-------+---------
         Total |       0 |    1864 |   0.0 |       0 |     127 |   0.0 |  5401
               +---------+---------+-------+---------+---------+-------+---------
           D:1 |       0 |      81 |   0.0 |       0 |      34 |   0.0 |  1423
           D:2 |       0 |     126 |   0.0 |       0 |      26 |   0.0 |   682
           D:3 |       0 |      62 |   0.0 |       0 |      16 |   0.0 |   566
           D:4 |       0 |     483 |   0.0 |       0 |      19 |   0.0 |   844
           D:5 |       0 |     397 |   0.0 |       0 |      11 |   0.0 |   851
           D:6 |       0 |     677 |   0.0 |       0 |      17 |   0.0 |   808
           D:7 |       0 |      38 |   0.0 |       0 |       4 |   0.0 |    58
               +---------+---------+-------+---------+---------+-------+---------
